Map: Lightshade LE

Players

Nice - Winner!

  • Race: Protoss Protoss

Has

  • Race: Protoss Protoss

VOD

Have the link to the VOD?

Description

Time

  • Played on: Oct. 3, 2021, 8 a.m.
  • Length: 6:04
Show
View Real Time Build Order
Export as new Build Order

Nice Protoss - Winner!

Build Orders:  

Get SALT Encoding   

  12  0:00  Probe  
  13  0:12  Probe  
  14  0:17  Pylon  
  14  0:24  Probe (Chrono Boost)  
  16  0:36  Probe (Chrono Boost)  
  16  0:37  Gateway  
  16  0:41  Probe (Chrono Boost)  
  16  0:45  Assimilator  
  17  0:51  Assimilator  
  17  0:54  Probe (Chrono Boost)  
  18  1:06  Probe (Chrono Boost)  
  18  1:07  Gateway  
  19  1:14  Probe (Chrono Boost)  
  20  1:20  Probe  
  21  1:27  Cybernetics Core  
  21  1:32  Probe  
  22  1:35  Pylon  
  22  1:44  Probe  
  23  1:56  Probe  
  24  2:03  Stalker x2  
  24  2:04  Warp Gate  
  28  2:11  Pylon  
  28  2:17  Probe  
  32  2:42  Sentry x2  
  32  2:44  Nexus  
  32  2:46  Probe  
  33  2:52  Pylon  
  33  2:58  Probe  
  34  3:11  Stalker, Probe, Sentry  
  39  3:15  Shield Battery  
  38  3:23  Probe  
  39  3:28  Robotics Facility  
  39  3:35  Probe  
  40  3:47  Probe  
  40  3:52  Stalker x2  
  44  4:14  Immortal (Chrono Boost)  
  44  4:16  Stalker  
  50  4:19  Stalker  
  52  4:26  Shield Battery  
  52  4:30  Pylon  
  52  4:43  Immortal (Chrono Boost)  
  48  5:00  Stalker x2  
  52  5:09  Immortal (Chrono Boost)  
  56  5:24  Stalker, Zealot  
Show
View Real Time Build Order
Export as new Build Order

Has Protoss 

Build Orders: Blink Stalkers 

Get SALT Encoding   

  12  0:00  Probe  
  13  0:12  Probe  
  14  0:17  Pylon  
  14  0:24  Probe (Chrono Boost)  
  15  0:37  Gateway, Probe (Chrono Boost)  
  15  0:42  Probe (Chrono Boost)  
  16  0:45  Assimilator  
  17  0:52  Probe  
  17  0:54  Assimilator  
  18  1:03  Gateway  
  18  1:06  Probe (Chrono Boost)  
  19  1:16  Probe (Chrono Boost)  
  20  1:21  Probe (Chrono Boost)  
  20  1:24  Cybernetics Core  
  21  1:33  Probe  
  21  1:34  Pylon  
  22  1:45  Probe  
  23  1:57  Probe  
  24  2:01  Stalker x2, Warp Gate  
  28  2:09  Probe  
  28  2:10  Pylon  
  29  2:22  Probe  
  30  2:23  Twilight Council  
  30  2:42  Stalker x2  
  33  2:53  Pylon  
  33  3:00  Blink (Chrono Boost)  
  33  3:20  Gateway x2  
  33  3:24  Shield Battery  
  33  3:26  Stalker  
  35  3:34  Stalker  
  36  4:04  Stalker  
  36  4:05  Probe  
  36  4:07  Pylon  
  39  4:15  Stalker x3  
  45  4:27  Stalker  
  47  4:37  Stalker  
  47  4:38  Stalker  
  51  4:44  Stalker  
  43  5:00  Stalker x2  
  43  5:04  Zealot  
  49  5:19  Zealot  
  51  5:24  Zealot x2  
Tags
 
Add a new tag
Caveats
  • Supply blocks, unpowered buildings, or Contaminate may cause inaccurate times.
  • Supply counts are checked every 10 seconds.